 Dungeon Crawl Stone Soup version 0.27.1-3-gb3d3a73c9e (webtiles) character file.

Game seed: 15449049079277024855

169 barney the Changer (level 5, -1/40 HPs)
             Began as a Draconian Transmuter on Oct 5, 2021.
             Slain by a water moccasin (5 damage)
             ... on level 3 of the Dungeon.
             The game lasted 00:03:00 (2930 turns).

barney the Changer (Draconian Transmuter)           Turns: 2930, Time: 00:03:01

Health: -1/40      AC:  2    Str: 13    XL:     5   Next: 25%
Magic:  6/8        EV: 19    Int: 14    God:
Gold:   39         SH:  0    Dex: 16    Spells: 2/8 levels left

rFire    . . .     SeeInvis .     - Unarmed
rCold    . . .     Faith    .   (shield currently unavailable)
rNeg     . . .     Spirit   .   (armour unavailable)
rPois    x         Reflect  .   (helmet currently unavailable)
rElec    .         Harm     .   (cloak currently unavailable)
rCorr    .         Rampage  .   (gloves currently unavailable)
Will     .....                  (boots currently unavailable)
Stlth    +.........             h - amulet of the acrobat
HPRegen  0.13/turn              (no ring)
MPRegen  0.11/turn              (no ring)

@: lethally poisoned (-1 -> -12), spider-form (expiring)
A: venomous fangs, AC +5, tiny, unfitting armour, (cold-blooded)
a: End Transformation


You were on level 3 of the Dungeon.
You were a venomous arachnid creature.
You visited 1 branch of the dungeon, and saw 3 of its levels.

You collected 39 gold pieces.

Inventory:

Hand Weapons
 g - a +1 whip of electrocution (melded)
Armour
 e - a +0 cloak (melded)
Magical Staves
 k - a staff of cold
Jewellery
 h - an amulet of the acrobat (around neck)
Wands
 j - a wand of flame (15)
Scrolls
 a - 3 scrolls of identify {unknown}
 b - a scroll of fog {unknown}
 c - a scroll of amnesia {unknown}
 d - a scroll of teleportation {unknown}
 f - 2 scrolls of summoning {unknown}
 l - a scroll of magic mapping {unknown}
 m - a scroll of enchant weapon {unknown}
Potions
 i - 2 potions of flight


   Skills:
 - Level 1.1 Fighting
 - Level 1.7 Dodging
 - Level 3.0 Unarmed Combat
 - Level 2.0 Spellcasting
 + Level 5.4 Transmutations
 + Level 0.3 Ice Magic
 + Level 0.1 Poison Magic


You had 2 spell levels left.
You knew the following spells:

 Your Spells              Type           Power      Damage    Failure   Level
a - Beastly Appendage     Tmut           32%        N/A       10%         1
b - Spider Form           Tmut/Pois      4%         N/A       43%         3
c - Wereblood             Tmut           16%        N/A       12%         2

Your spell library contained the following spells:

 Spells                   Type           Power      Damage    Failure   Level
 Ice Form                 Ice/Tmut       9%         N/A       78%         4


Dungeon Overview and Level Annotations

Branches:
Dungeon (3/15)

Altars:
Ashenzari
Gozag
Trog


Innate Abilities, Weirdness & Mutations

You are a venomous arachnid creature.
You have poisonous fangs.
You are tiny and dextrous.
Your spellcasting is less reliable in this form.
Your armour is entirely melded.
You are incapable of wielding weapons or throwing items.
((Your plain brown scales are hard. (AC +5)))
You cannot fit into any form of body armour.
((You are cold-blooded and may be slowed by cold attacks.))


Message History

The jackal barks!
A jackal comes into view.
You completely miss the water moccasin. The water moccasin misses you.
The water moccasin barely misses you.
You hit the water moccasin.
The water moccasin is moderately wounded.
A jackal comes into view.
The water moccasin barely misses you.
You closely miss the water moccasin.
The water moccasin is moderately wounded.
The water moccasin bites you.
You are poisoned.
The water moccasin poisons you!
You barely miss the water moccasin.
The water moccasin is moderately wounded.
You feel extremely sick. The water moccasin bites you. The jackal bites you.
The jackal barks!
You hit the water moccasin but do no damage.
The water moccasin is poisoned.
The water moccasin is moderately wounded.
You feel very sick.
You hear a bark!
The water moccasin completely misses you.
The jackal completely misses you. The water moccasin barely misses you.
Okay, then.
* * * LOW HITPOINT WARNING * * *
You feel very sick. The jackal completely misses you.
* * * LOW HITPOINT WARNING * * *
You feel very sick.
The water moccasin completely misses you.
You hit the water moccasin.
The water moccasin is heavily wounded.
* * * LOW HITPOINT WARNING * * *
You feel very sick. The jackal bites you.
* * * LOW HITPOINT WARNING * * *
The water moccasin bites you.
You die...

..#.##.###..####..##.#
.._.........###..# #
#.##.###...#.....
..##............##..
...............#
........P......#
####.._.P..##..#
##....P..# ..#
#..PsPP..# ..#
#..hS....# ..
#........#
#.....h###### #......#
#....... #.....hh
+........ #.[......


You could see a water moccasin (poisoned) and 3 jackals.

Vanquished Creatures
  Natasha (thrice) (D:2)
  2 adders (D:2)
  3 worms
  2 dart slugs
  3 orcs (D:2)
  5 endoplasms
  A giant cockroach (D:2)
  4 goblins
  9 hobgoblins
  3 jackals (D:3)
  3 quokkas
  3 ball pythons
  5 bats
  2 frilled lizards (D:2)
  8 kobolds
  6 rats
62 creatures vanquished.

Vanquished Creatures (others)
  A fungus (D:3)
1 creature vanquished.

Grand Total: 63 creatures vanquished

Notes
Turn   | Place    | Note
-------+----------+-------------------------------------------
     0 | D:1      | barney the Draconian Transmuter began the quest for the
                  | Orb.
     0 | D:1      | Reached XP level 1. HP: 16/16 MP: 3/3
   293 | D:1      | Reached XP level 2. HP: 22/23 MP: 3/5
   369 | D:1      | Reached skill level 3 in Transmutations
  1110 | D:1      | Reached XP level 3. HP: 22/28 MP: 3/6
  1134 | D:1      | Learned a level 3 spell: Spider Form
  1137 | D:1      | Learned a level 2 spell: Wereblood
  1250 | D:2      | Noticed Natasha
  1264 | D:2      | Killed Natasha
  1265 | D:2      | Reached skill level 4 in Transmutations
  1275 | D:1      | Reached XP level 4. HP: 3/35 MP: 5/7
  1921 | D:2      | Noticed Natasha
  1925 | D:2      | Killed Natasha
  2079 | D:2      | Noticed Natasha
  2087 | D:2      | Killed Natasha
  2088 | D:2      | Reached skill level 5 in Transmutations
  2173 | D:2      | Reached XP level 5. HP: 30/40 MP: 4/8
  2661 | D:3      | Found a bloodstained altar of Trog.
  2900 | D:3      | Found a broken altar of Ashenzari.
  2901 | D:3      | Found an opulent altar of Gozag.
  2915 | D:3      | Noticed a water moccasin
  2930 | D:3      | Slain by a water moccasin

Illustrated notes

Levels and vault maps discovered:
D:1:      dpeg_arrival_brainrot, layout_rooms, chequers_serial_rivers_small_b
D:2:      layout_rooms, uniq_natasha
D:3:      layout_basic, ashenzari_altar_1, mainiacjoe_overflow_chevrons,
          mainiacjoe_overflow_big_doors

Skill      XL: |  1  2  3  4 |
---------------+-------------+-----
Transmutations | 3 4 5 |  5.4
Fighting       | |  1.1
Dodging        | |  1.7
Unarmed Combat | |  3.0
Spellcasting   | |  2.0
Ice Magic      | |  0.3
Poison Magic   | |  0.1

Action                   |  1- 3 |  4- 6 || total
-------------------------+-------+-------++-------
Melee: Unarmed           |    54 |    34 ||    88
       Kick              |    14 |     4 ||    18
       Headbutt          |    11 |     2 ||    13
       Punch             |     2 |       ||     2
       Whip              |    41 |    35 ||    76
       Tailslap          |     4 |     3 ||     7
 Cast: Beastly Appendage |    18 |     9 ||    27
       Spider Form       |       |     5 ||     5
  Use: Potion            |     2 |       ||     2
Armor: Skin              |    32 |    18 ||    50
Dodge: Dodged            |    89 |   101 ||   190
